 Dungeon Crawl Stone Soup version 0.23-a0-175-g97aacdb (webtiles) character file.

25670 Amnesiac the Destroyer (level 12, -12/74 HPs)
             Began as a Mummy Ice Elementalist on Sept 17, 2018.
             Was a High Priest of Vehumet.
             Killed from afar by a deep elf sorcerer (27 damage)
             ... with damnation
             ... on level 1 of the Elven Halls.
             The game lasted 00:37:47 (19861 turns).

Amnesiac the Destroyer (Mummy Ice Elementalist)    Turns: 19861, Time: 00:37:47

Health: -12/74     AC: 10    Str: 11 (12) XL:     12   Next: 91%
Magic:  0/42       EV: 16    Int: 18      God:    Vehumet [*****.]
Gold:   1357       SH:  0    Dex: 13      Spells: 5/33 levels left

rFire    . . .     SeeInvis .   a - staff of power
rCold    + . .     Gourm    .   (no shield)
rNeg     + + +     Faith    .   H - +0 leather armour {rF+}
rPois    ∞         Spirit   +   w - +0 helmet
rElec    .         Reflect  .   x - +0 cloak
rCorr    .         Harm     .   i - +0 pair of gloves
MR       +....                  (no boots)
Stlth    ++........             j - amulet of guardian spirit
HPRegen  0.22/turn              c - +5 ring of evasion
MPRegen  0.28/turn              z - +4 ring of protection

@: very slightly contaminated
A: no food or potions, fire vulnerability, cold resistance 1, negative energy
resistance 3, torment resistance, unbreathing
a: Renounce Religion


You were on level 1 of the Elven Halls.
You worshipped Vehumet.
Vehumet was extremely pleased with you.
You were not hungry.

You visited 4 branches of the dungeon, and saw 14 of its levels.
You visited the Abyss 1 time.
You also visited: Labyrinth and Bailey.

You collected 1357 gold pieces.

Inventory:

Hand Weapons
 b - the +8 whip "Snakebite" {curare, rPois}
   (You found it on level 4 of the Dungeon)

   It poisons the flesh of those it strikes.
   It protects you from poison.
 n - a +0 blowgun
 u - a +2 halberd of electrocution
Missiles
 o - 94 poisoned needles
Armour
 i - a +0 pair of gloves (worn)
 w - a +0 helmet (worn)
 x - a +0 cloak (worn)
 H - a +0 leather armour of fire resistance (worn)
Magical Staves
 a - an uncursed staff of power (weapon)
 h - an uncursed staff of conjuration
 v - an uncursed staff of fire
 B - an uncursed staff of cold
Jewellery
 c - a +5 ring of evasion (left hand)
 d - an uncursed ring of resist corrosion
 j - an amulet of guardian spirit (around neck)
 l - an uncursed ring of teleportation
 m - an uncursed ring of fire
 z - a +4 ring of protection (right hand)
 G - the ring "Jiompuwo" {rPois SInv}
   (You found it in a labyrinth)

   [ring of see invisible]

   It protects you from poison.
   It lets you see invisible.
Wands
 s - a wand of flame (35)
 y - a wand of digging (1)
 E - a wand of clouds (2)
Scrolls
 e - 3 scrolls of enchant weapon {!r}
 f - 8 scrolls of remove curse {!r}
 g - a scroll of amnesia {!r}
 k - a scroll of fear {!r}
 p - a scroll of blinking {!r}
 t - a scroll of summoning {!r}


   Skills:
 - Level 1.5 Dodging
 - Level 1.5 Stealth
 + Level 11.4 Spellcasting
 * Level 11.5 Conjurations
 - Level 4.0 Charms
 - Level 2.0 Translocations
 * Level 11.4 Ice Magic


You had 5 spell levels left.
You knew the following spells:

 Your Spells              Type           Power        Failure   Level  Hunger
a - Throw Icicle          Conj/Ice       ######..     1%          4    N/A
b - Iskenderun's Battles  Conj/Chrm      #####...     3%          5    N/A
c - Mephitic Cloud        Conj/Pois/Air  ###.....     1%          3    N/A
d - Throw Frost           Conj/Ice       ######       1%          2    N/A
e - Freeze                Ice            ####         1%          1    N/A
f - Irradiate             Conj/Tmut      ####......   7%          5    N/A
s - Conjure Flame         Conj/Fire      ####....     1%          3    N/A
v - Blink                 Tloc           N/A          6%          2    N/A
z - Ozocubu's Armour      Chrm/Ice       #####...     1%          3    N/A

Your spell library contained the following spells:

 Spells                   Type           Power        Failure   Level  Hunger
 Venom Bolt               Conj/Pois      ####......   7%          5    N/A
 Flame Tongue             Conj/Fire      ####.        1%          1    N/A
 Magic Dart               Conj           ####         1%          1    N/A
 Throw Flame              Conj/Fire      ####..       1%          2    N/A
 Sticky Flame             Conj/Fire      ####....     2%          4    N/A
 Inner Flame              Hex/Fire       ##......     7%          3    N/A
 Fireball                 Conj/Fire      ####......   7%          5    N/A
 Confusing Touch          Hex            ##....       9%          1    N/A
 Summon Small Mammal      Summ           ##..         9%          1    N/A
 Summon Ice Beast         Ice/Summ       ####....     9%          4    N/A
 Gell's Gravitas          Tloc           ###.......   12%         3    N/A
 Call Imp                 Summ           ##......     14%         2    N/A
 Slow                     Hex            ##......     14%         2    N/A
 Metabolic Englaciation   Hex/Ice        ####......   24%         5    N/A
 Call Canine Familiar     Summ           ##......     26%         3    N/A
 Confuse                  Hex            ##......     26%         3    N/A
 Summon Guardian Golem    Hex/Summ       ##......     26%         3    N/A
 Yara's Violent Unravell  Hex/Tmut       ##........   50%         5    N/A
 Cause Fear               Hex            ##........   65%         4    N/A
 Petrify                  Tmut/Erth      ##......     65%         4    N/A
 Summon Lightning Spire   Summ/Air       ##......     65%         4    N/A
 Silence                  Hex/Air        ##........   94%         5    N/A
 Deflect Missiles         Chrm/Air       ###.......   99%         6    N/A
 Discord                  Hex            ##........   100%        8    N/A

Dungeon Overview and Level Annotations

Branches:
Dungeon (10/15)            Temple (1/1) D:5            Lair (0/6) D:10
    Orc (2/2) D:10            Elf (1/3) Orc:2

Altars:
Ashenzari
Dithmenos
Elyvilon
Fedhas
Gozag
Hepliaklqana
Kikubaaqudgha
Makhleb
Nemelex Xobeh
Okawaru
Ru
Sif Muna
Trog
Uskayaw
Vehumet
Xom
Yredelemnul
Zin
The Shining One
Beogh

Shops:
D:9 (   Orc:2 (![*


Innate Abilities, Weirdness & Mutations

You do not eat or drink.
Your flesh is vulnerable to fire.
You are immune to poison.
Your flesh is cold resistant. (rC+)
You are immune to negative energy. (rN+++)
You are immune to unholy pain and torment.
You can survive without breathing.


Message History

You hold your ground!
Unknown command.
Casting: Throw Icicle (safe; 1% risk of failure)
Confirm with . or Enter, or press ? or * to list all spells.
Aiming: Throw Icicle (safe; 1% risk of failure)
Press: ? - help, Shift-Dir - straight line, f/p - thrashing horror
Aim: a thrashing horror (almost destroyed)
The shard of ice hits the thrashing horror.
The thrashing horror partially resists.
You destroy the thrashing horror!
Vehumet accepts your kill.
You feel your power returning.
Unknown command.
You start resting.
A starcursed mass emerges from chaos.
Found a scroll of blinking.
p - 2 scrolls of blinking {!r} (gained 1)
A small abomination comes into view.
A manticore skeleton comes into view.
Found 16 stones.
There is an open door here.
A small abomination comes into view.
A blizzard demon comes into view.
The manticore skeleton bites you but does no damage.
The manticore skeleton misses you. x2
There is an open door here.
Found 2 orange potions.
The blizzard demon gestures at you.
You see here 2 orange potions {!q}.
You are engulfed in freezing vapours.
* * * LOW HITPOINT WARNING * * *
The blizzard demon is engulfed in freezing vapours.
Found 44 gold pieces.
Put on which piece of jewellery? (? for menu, Esc to quit)
Okay, then.
Found a gateway leading out of the Abyss.
Put on which piece of jewellery? (? for menu, Esc to quit)
You're wearing all the rings you can.
Remove which one? (? for menu, Esc to cancel) < or
c - a +5 ring of evasion; > or
m - a ring of fire You remove your ring of fire.
z - a +4 ring of protection (right hand) Really read
p - 2 scrolls of blinking {!r}?
Blink to where?
Press: ? - help, Dir - move target cursor, f - you
Okay, then.
You now have 1357 gold pieces (gained 44).
There are no items here.
Really read
p - 2 scrolls of blinking {!r}?
Blink to where?
Press: ? - help, Dir - move target cursor You are very lightly contaminated with residual magic.
As you read the scroll of blinking {!r}, it crumbles to dust.
The blizzard demon gestures at you. The bolt of cold hits you! You resist.
* * * LOW HITPOINT WARNING * * *
You pass through the gate.
Welcome back to the Elven Halls!
You feel a wave of frost pass over you.
There is an entrance to an ice cave on this level.
Hurry and find it before the You hear the loud crackling of a distant melting archway.
The deep elf sorcerer gestures at you while chanting.
The sphere of damnation explodes!
The damnation engulfs you!
You die...

########.. ..e. ..........
.... ..........
#..###########..##
#..#.........'..#.
#..#.........#..#.
#..#.........#..#.
#..#.........#..#.
############@.#####+#####..##
............)................
.........)(..................
####..####[######..####..####
#. #.........#..#..#..'... #
#..[..)...#..#..#..#...
#.........#..+..#..#...
#.........#..# .#..#...
#.........#..# .#..#...


You could see a deep elf sorcerer.

Vanquished Creatures
  A minotaur (Lab)
  A two-headed ogre (D:9)
  3 hell hogs (Abyss:2)
  5 orc high priests (Orc:2)
  A thrashing horror (Abyss:2)
  A deep elf archer (Elf:1)
  8 orc knights
  An orc sorcerer (Orc:1)
  4 deep elf magi (Elf:1)
  Maurice (D:9)
  Psyche (D:8)
  A kobold demonologist (Abyss:2)
  A troll (Orc:1)
  2 hippogriffs (D:9)
  A wraith (D:9)
  An air elemental (Elf:1)
  A wyvern (D:9)
  5 yaks (D:10)
  A fire elemental (Elf:1)
  4 hogs (D:8)
  A human (D:8)
  A hungry ghost (D:7)
  8 wargs
  Menkaure (D:7)
  The ghost of iamserjio the Insei, an amateur OpWn (D:5)
  40 orc warriors
  A sky beast (D:6)
  An ice beast (D:6)
  An eye of draining (D:9)
  A necrophage (D:5)
  5 ogres
  2 centaurs (D:8)
  3 big kobolds
  3 bullfrogs
  4 scorpions
  A small abomination (Abyss:2)
  5 killer bees (D:9)
  4 wights (D:9)
  2 crimson imps
  A bullfrog zombie (D:9)
  5 hounds
  30 orc priests
  2 jellies
  A centaur skeleton (D:4)
  19 orc wizards
  A bullfrog skeleton (D:10)
  An iron imp (Abyss:2)
  2 iguanas
  3 worker ants
  33 gnolls
  13 adders
  2 shadow imps
  An adder zombie (D:8)
  6 worms
  3 dart slugs
  5 leopard geckos
  99 orcs
  2 ball pythons
  4 bats
  5 giant cockroaches
  16 goblins
  21 hobgoblins
  4 jackals (D:6)
  4 quokkas
  16 frilled lizards
  45 kobolds
  A leopard gecko skeleton (D:7)
  7 rats
481 creatures vanquished.

Vanquished Creatures (others)
  An orc wizard (D:6)
1 creature vanquished.

Grand Total: 482 creatures vanquished

Notes
Turn   | Place    | Note
-------+----------+-------------------------------------------
     0 | D:1      | Amnesiac the Mummy Ice Elementalist began the quest for the
                  | Orb.
     0 | D:1      | Reached XP level 1. HP: 13/13 MP: 4/4
   316 | D:2      | Reached XP level 2. HP: 19/19 MP: 0/6
   320 | D:2      | Learned a level 2 spell: Throw Frost
   623 | D:5      | Entered Level 5 of the Dungeon
   623 | D:5      | Found a transporter.
   623 | D:5      | Noticed an ogre
   623 | D:5      | Noticed an ogre
   623 | D:5      | Noticed iamserjio's ghost (amateur OpWn)
   627 | D:5      | Noticed an ogre
   647 | D:4      | Noticed a scorpion
   672 | D:4      | Reached XP level 3. HP: 15/24 MP: 1/7
   680 | D:4      | Found the +8 whip "Snakebite" {curare, rPois}
   701 | D:4      | Killed a scorpion
   701 | D:4      | Reached XP level 4. HP: 11/30 MP: 4/9
   976 | D:5      | Learned a level 3 spell: Ozocubu's Armour
  1049 | D:5      | Noticed a necrophage
  1061 | D:5      | Killed a necrophage
  1061 | D:5      | Reached XP level 5. HP: 31/35 MP: 7/11
  1213 | D:4      | Learned a level 4 spell: Throw Icicle
  1275 | D:4      | Reached XP level 6. HP: 31/41 MP: 13/13
  1546 | D:4      | Reached skill level 1 in Conjurations
  1844 | D:4      | Reached skill level 5 in Ice Magic
  1847 | D:4      | Reached skill level 5 in Spellcasting
  2038 | D:5      | Found a staircase to the Ecumenical Temple.
  2060 | Temple   | Entered the Ecumenical Temple
  2163 | Temple   | Became a worshipper of Vehumet
  3197 | D:2      | Reached * piety under Vehumet
  3197 | D:2      | Offered knowledge of Shock by Vehumet.
  3852 | D:3      | Reached XP level 7. HP: 46/46 MP: 4/15
  4209 | D:3      | Offered knowledge of Searing Ray by Vehumet.
  4218 | D:3      | Reached ** piety under Vehumet
  5104 | D:5      | Offered knowledge of Static Discharge by Vehumet.
  5219 | D:5      | Found a transporter.
  5754 | D:5      | Reached XP level 8. HP: 27/52 MP: 4/17
  5859 | D:5      | Killed iamserjio's ghost
  6051 | D:6      | Reached *** piety under Vehumet
  6150 | D:6      | Found a shattered altar of Ashenzari.
  6232 | D:6      | Reached skill level 5 in Conjurations
  6488 | D:6      | Offered knowledge of Fulminant Prism by Vehumet.
  7165 | D:7      | Noticed Menkaure
  7172 | D:7      | Killed Menkaure
  7172 | D:7      | Reached XP level 9. HP: 53/57 MP: 8/18
  7202 | D:7      | Learned a level 3 spell: Conjure Flame
  7216 | D:7      | Reached **** piety under Vehumet
  7225 | D:7      | Offered knowledge of Iskenderun's Battlesphere by Vehumet.
  7243 | D:7      | Found a flagged portal.
  7367 | Bailey   | Entered a bailey
  8295 | D:7      | Learned a level 5 spell: Iskenderun's Battlesphere
  8885 | D:8      | Reached ***** piety under Vehumet
  9053 | D:8      | Found a bloodstained altar of Trog.
  9130 | D:8      | Noticed Psyche
  9134 | D:8      | Killed Psyche
  9134 | D:8      | Reached skill level 1 in Charms
  9174 | D:8      | Offered knowledge of Airstrike by Vehumet.
  9967 | D:8      | Found an ancient bone altar of Kikubaaqudgha.
 10156 | D:9      | Noticed Maurice
 10172 | D:9      | Reached XP level 10. HP: 58/63 MP: 3/21
 10299 | D:9      | Killed Maurice
 10407 | D:9      | Found Xecherch's Antique Weapon Boutique.
 10483 | D:9      | Noticed a two-headed ogre
 10665 | D:9      | Got a silken robe
 10693 | D:9      | Learned a level 2 spell: Blink
 10697 | D:9      | Learned a level 3 spell: Mephitic Cloud
 10721 | D:9      | Identified the +3 robe "Muostroma" {+Inv rF- Str+5 Stlth+}
                  | (You took it off an orc on level 9 of the Dungeon)
 10940 | D:9      | Killed a two-headed ogre
 11750 | D:10     | Entered Level 10 of the Dungeon
 12440 | D:10     | Found a staircase to the Orcish Mines.
 12446 | D:10     | Found a roughly hewn altar of Beogh.
 12921 | D:10     | Reached XP level 11. HP: 68/68 MP: 22/23
 13100 | D:10     | Found a staircase to the Lair.
 13383 | Orc:1    | Entered Level 1 of the Orcish Mines
 13383 | Orc:1    | Noticed an orc sorcerer
 13533 | Orc:1    | Killed an orc sorcerer
 13689 | Orc:1    | Noticed an orc knight
 13746 | D:10     | Killed an orc knight
 14195 | Orc:2    | Entered Level 2 of the Orcish Mines
 14195 | Orc:2    | Found a labyrinth entrance.
 14195 | Orc:2    | Found a staircase to the Elven Halls.
 14218 | Lab      | Entered a labyrinth
 14433 | Lab      | Noticed a minotaur
 14453 | Lab      | Killed a minotaur
 14453 | Lab      | Reached skill level 1 in Translocations
 14457 | Lab      | Got a bone hunting sling
 14457 | Lab      | Got a flickering pewter ring
 14461 | Lab      | Identified the ring "Jiompuwo" {rPois SInv} (You found it
                  | in a labyrinth)
 15392 | Orc:1    | Offered knowledge of Irradiate by Vehumet.
 15404 | Orc:1    | Learned a level 5 spell: Irradiate
 15652 | Orc:2    | Found a roughly hewn altar of Beogh.
 15723 | Orc:1    | Identified the +8 hunting sling of the Ass {freeze, rC+
                  | Dex+5} (You found it in a labyrinth)
 15894 | Orc:2    | Found a roughly hewn altar of Beogh.
 15992 | Orc:2    | Noticed an orc knight
 16152 | Orc:2    | Killed an orc knight
 16360 | Orc:1    | Noticed an orc knight
 16367 | Orc:1    | Killed an orc knight
 16367 | Orc:1    | Reached skill level 10 in Conjurations
 16707 | Orc:1    | Reached skill level 10 in Ice Magic
 16711 | Orc:1    | Reached skill level 10 in Spellcasting
 17171 | Orc:2    | Noticed an orc knight
 17178 | Orc:2    | Killed an orc knight
 17552 | Orc:2    | Noticed an orc high priest
 17555 | Orc:2    | Noticed a soul eater
 17557 | Orc:2    | Killed an orc high priest
 17557 | Orc:2    | Reached XP level 12. HP: 74/74 MP: 25/26
 18272 | Orc:2    | Noticed an orc high priest
 18278 | Orc:2    | Killed an orc high priest
 18476 | Orc:2    | Noticed an orc high priest
 18483 | Orc:2    | Noticed an orc high priest
 18484 | Orc:2    | Noticed an orc high priest
 18495 | Orc:2    | Killed an orc high priest
 18496 | Orc:2    | Killed an orc high priest
 18738 | Orc:2    | Killed an orc high priest
 19056 | Orc:2    | Found Qelidaox's Antique Weapon Shop.
 19059 | Orc:2    | Found Liuviytu's General Store.
 19060 | Orc:2    | Found Amif's Distillery.
 19061 | Orc:2    | Found Ufauhog's Armour Boutique.
 19255 | Elf:1    | Entered Level 1 of the Elven Halls
 19257 | Elf:1    | Offered knowledge of Venom Bolt by Vehumet.
 19308 | Elf:1    | Identified a scroll of acquirement {!r}
 19482 | Elf:1    | Noticed a deep elf sorcerer
 19524 | Elf:1    | Cast into level 2 of the Abyss (a deep elf sorcerer)
 19593 | Abyss:2  | Noticed a starcursed mass
 19616 | Abyss:2  | Noticed a hell hog
 19617 | Abyss:2  | Noticed a hell hog
 19622 | Abyss:2  | Killed a hell hog
 19622 | Abyss:2  | Noticed a hell hog
 19636 | Abyss:2  | Killed a hell hog
 19637 | Abyss:2  | Killed a hell hog
 19642 | Abyss:2  | Found a corrupted altar of Lugonu.
 19700 | Abyss:2  | Found an iron altar of Okawaru.
 19819 | Abyss:2  | Noticed a starcursed mass
 19836 | Abyss:2  | Noticed a blizzard demon
 19861 | Elf:1    | Escaped the Abyss
 19861 | Elf:1    | Killed from afar by a deep elf sorcerer

Vault maps used:
D:1:      evilmike_arrival_run_for_it, minmay_lizard_king
D:2:      kennysheep_the_goblin_king
D:3:      minmay_unequal
D:5:      kennysheep_kobold_camp, minmay_temple_entry_mist,
          gammafunk_ghost_smash, first_ration
D:6:      cheibrodos_ashenzari_chains
D:7:      lightli_bailey_entry_fortress, uniq_menkaure
D:8:      kennysheep_little_box, basic_altar, grunt_livestock, uniq_psyche
D:9:      serial_shops, shop, stair_cage_wide, uniq_maurice
D:10:     erik_lair_orcish_takeover, minmay_orc_entry_temple_small, minivault_24
Temple:   kilobyte_greek_temple
Orc:2:    st_orc_pillars, lab_entry_generic, basic_altar, mines1_david
Elf:1:    portal_ice_cave_entry_pillars_three, minmay_elf_demonology
Abyss:2:  evilmike_abyss_exit_17, kilobyte_mutagenic_chamber
Lab:      nicolae_lab_lava, nicolae_lab_flowing_pool, nicolae_lab_grate
Bailey:   bailey_axe_2, bailey

Skill      XL: |  1  2  3  4  5  6  7  8  9 10 11 12 |
---------------+-------------------------------------+-----
Spellcasting   | 3 4 5 6 7 8 10 11 | 11.4
Ice Magic      | 3 4 5 6 7 8 10 11 | 11.4
Conjurations   | 1 3 6 7 9 10 11 | 11.5
Charms         | 2 3 4 |  4.0
Translocations | 2 |  2.0
Dodging        | |  1.5
Stealth        | |  1.5

Action                   |  1- 3 |  4- 6 |  7- 9 | 10-12 || total
-------------------------+-------+-------+-------+-------++-------
Melee: Short sword       |     8 |       |       |       ||     8
       Whip              |     5 |    24 |    11 |    55 ||    95
       Staff             |       |     6 |     6 |     7 ||    19
 Cast: Freeze            |    23 |    19 |    77 |    96 ||   215
       Ozocubu's Armour  |       |     2 |       |     1 ||     3
       Throw Frost       |       |   136 |    97 |     1 ||   234
       Throw Icicle      |       |       |   174 |   463 ||   637
       Conjure Flame     |       |       |     2 |       ||     2
       Mephitic Cloud    |       |       |       |     7 ||     7
       Iskenderun's Batt |       |       |       |     2 ||     2
       Blink             |       |       |       |     1 ||     1
Evoke: Wand              |       |       |     5 |    12 ||    17
  Use: Scroll            |       |     1 |     7 |     9 ||    17
 Stab: Sleeping          |     1 |       |       |       ||     1
       Confused          |       |       |       |     1 ||     1
       Paralysed         |       |       |       |     2 ||     2
Armor: Robe              |     3 |     9 |    10 |    34 ||    56
       Leather armour    |       |       |       |    44 ||    44
Dodge: Dodged            |    27 |    95 |   153 |   212 ||   487

Table legend:
 A = Non-vault XP
 B = Vault XP
 C = Vault XP percentage of total XP
 D = Non-vault monster count
 E = Vault monster count
 F = Vault count percentage of total count
                 A         B        C        D         E       F
            +---------+---------+-------+---------+---------+-------
      Total |   21709 |   14963 |  40.8 |     301 |     181 |  37.6
            +---------+---------+-------+---------+---------+-------
        D:1 |      19 |      12 |  38.7 |       9 |      10 |  52.6
        D:2 |      81 |      14 |  14.7 |      27 |       7 |  20.6
        D:3 |     194 |       4 |   2.0 |      34 |       2 |   5.6
        D:4 |     341 |       0 |   0.0 |      19 |       0 |   0.0
        D:5 |     256 |     648 |  71.7 |       9 |      25 |  73.5
        D:6 |     946 |       0 |   0.0 |      33 |       0 |   0.0
        D:7 |     512 |     219 |  30.0 |      17 |      13 |  43.3
        D:8 |     370 |    1404 |  79.1 |      10 |       6 |  37.5
        D:9 |    3088 |     493 |  13.8 |      32 |       1 |   3.0
       D:10 |    2427 |     781 |  24.3 |      21 |      14 |  40.0
     Temple |      45 |       0 |   0.0 |       2 |       0 |   0.0
      Orc:1 |    3331 |       0 |   0.0 |      37 |       0 |   0.0
      Orc:2 |    1759 |   11037 |  86.3 |      36 |      69 |  65.7
      Elf:1 |    3394 |       0 |   0.0 |       7 |       0 |   0.0
    Abyss:2 |    3685 |       0 |   0.0 |       7 |       0 |   0.0
        Lab |    1261 |       0 |   0.0 |       1 |       0 |   0.0
     Bailey |       0 |     351 | 100.0 |       0 |      34 | 100.0
            +---------+---------+-------+---------+---------+-------
